 Dungeon Crawl Stone Soup version 0.27.1 (webtiles) character file.

Game seed: 7668121760134786924

3427 BOMJPIETVODKU the Magician (level 10, -10/73 HPs)
             Began as a Gnoll Earth Elementalist on Aug 29, 2021.
             Was a Believer of Cheibriados.
             Mangled by an orc warrior (14 damage)
             ... in a bailey.
             The game lasted 00:21:02 (9767 turns).

BOMJPIETVODKU the Magician (GnEE)                   Turns: 9767, Time: 00:21:03

Health: -10/73     AC:  7    Str: 12    XL:     10   Next: 5%
Magic:  4/20       EV: 16    Int: 22    God:    Cheibriados [**....]
Gold:   505        SH:  6    Dex: 19    Spells: 17/23 levels left

rFire    + . .     SeeInvis .   p - +2 short sword (holy)
rCold    . . .     Faith    .   e - +0 buckler of Otiunk {rElec rPois rF+}
rNeg     . . .     Spirit   .   b - +1 robe
rPois    +         Reflect  .   (no helmet)
rElec    +         Harm     .   (no cloak)
rCorr    .         Rampage  .   (no gloves)
Will     .....                  (no boots)
Stlth    ++++......             (no amulet)
HPRegen  0.22/turn              k - ring of wizardry
MPRegen  0.17/turn              m - +4 ring of protection

@: mighty, about to teleport, very slow
A: fangs 1, strong nose, distributed training
a: Renounce Religion, Bend Time


You were in a bailey.
You worshipped Cheibriados.
Cheibriados was pleased with you.
You visited 2 branches of the dungeon, and saw 9 of its levels.
You also visited: Ossuary and Bailey.

You collected 505 gold pieces.

Inventory:

Hand Weapons
 p - a +2 short sword of holy wrath (weapon)
Missiles
 c - 55 stones
 h - 3 throwing nets
 x - 10 poisoned darts
Armour
 b - a +1 robe (worn)
 e - the +0 buckler of Otiunk (worn) {rElec rPois rF+}
   (You acquired it on level 3 of the Dungeon)

   rF:        It protects you from fire.
   rElec:     It insulates you from electricity.
   rPois:     It protects you from poison.
Jewellery
 g - a ring of poison resistance
 k - a ring of wizardry (left hand)
 m - a +4 ring of protection (right hand)
 u - a +4 ring of protection
 w - a ring of protection from cold
Scrolls
 a - a scroll of noise {unknown}
 f - 3 scrolls of enchant armour
 j - a scroll of teleportation
 q - a scroll of magic mapping
 r - a scroll of immolation {unknown}
 s - a scroll of holy word {unknown}
 v - a scroll of fear {unknown}
 y - a scroll of enchant weapon {unknown}
Potions
 i - 2 potions of lignification
 l - 3 potions of resistance
 n - 2 potions of flight
 o - a potion of attraction
 t - a potion of cancellation {unknown}
 A - a potion of berserk rage {unknown}
 B - 3 potions of haste {unknown}
 C - 2 potions of brilliance {unknown}


   Skills:
 + Level 4.9 Fighting
 + Level 4.9 Short Blades
 + Level 4.9 Long Blades
 + Level 4.9 Axes
 + Level 4.9 Maces & Flails
 + Level 4.9 Polearms
 + Level 4.9 Staves
 + Level 4.9 Slings
 + Level 4.9 Bows
 + Level 4.9 Crossbows
 + Level 4.9 Throwing
 + Level 4.9 Armour
 + Level 6.7 Dodging
 + Level 6.5 Stealth
 + Level 4.9 Shields
 + Level 4.9 Unarmed Combat
 + Level 7.1 Spellcasting
 + Level 4.0 Conjurations
 + Level 4.0 Hexes
 + Level 4.0 Summonings
 + Level 4.0 Necromancy
 + Level 4.0 Translocations
 + Level 4.6 Transmutations
 + Level 4.0 Fire Magic
 + Level 4.0 Ice Magic
 + Level 4.0 Air Magic
 + Level 6.9 Earth Magic
 + Level 4.0 Poison Magic
 + Level 5.3 Invocations
 + Level 4.9 Evocations


You had 17 spell levels left.
You knew the following spells:

 Your Spells              Type           Power      Damage    Failure   Level
a - Sandblast             Erth           76%        2d16      1%          1
b - Stone Arrow           Conj/Erth      62%        3d10      1%          3
c - Poisonous Vapours     Pois/Air       50%        N/A       1%          2

Your spell library contained the following spells:

 Spells                   Type           Power      Damage    Failure   Level
 Corpse Rot               Necr/Air       N/A        N/A       1%          2
 Passwall                 Tmut/Erth      27%        N/A       1%          2
 Ozocubu's Armour         Ice            25%        N/A       1%          3
 Petrify                  Tmut/Erth      33%        N/A       3%          4
 Ice Form                 Ice/Tmut       26%        N/A       6%          4
 Bolt of Magma            Conj/Fire/Erth 14%        4d8       12%         5
 Alistair's Intoxication  Tmut/Pois      17%        N/A       16%         5
 Freezing Cloud           Conj/Ice/Air   12%        6-21      17%         5
 Statue Form              Tmut/Erth      22%        N/A       41%         6
 Ozocubu's Refrigeration  Ice            12%        4d7       99%         7
 Chain Lightning          Conj/Air       12%        3d16      100%        9
 Shatter                  Erth           19%        3d17*     100%        9


Dungeon Overview and Level Annotations

Branches:
Dungeon (8/15)             Temple (1/1) D:7         Ossuary (visited)
 Bailey (1/1)
   Lair: D:8-11

Altars:
Cheibriados
Dithmenos
Hepliaklqana
Makhleb
Ru
Uskayaw
Vehumet
Wu Jian
Zin
The Shining One


Innate Abilities, Weirdness & Mutations

You have very sharp teeth.
Your uncanny sense of smell can sniff out nearby items.
Your experience applies equally to all skills.


Message History

Aim: a gnoll, wielding a +0 hand axe and wearing a +0 leather armour (severely wounded, 84% to hit)
The blast of sand hits the gnoll but does no damage.
The gnoll is severely wounded.
The gnoll hits you with a +0 hand axe.
Aiming: Sandblast (safe; 1% risk of failure)
Press: ? - help, Q - select action, (/) - cycle Shift-Dir - straight line, f/p - gnoll
Aim: a gnoll, wielding a +0 hand axe and wearing a +0 leather armour (severely wounded, 84% to hit)
The blast of sand hits the gnoll!
You kill the gnoll!
Cheibriados appreciates the change of pace.
You feel very mighty all of a sudden.
You are too injured to fight recklessly!
You hit the orc warrior.
You bite the orc warrior, but do no damage.
The orc warrior is moderately wounded.
The orc warrior hits you with a +0 war axe.
You hit the orc warrior.
The orc warrior is moderately wounded.
You block the orc's attack. The orc warrior closely misses you.
You hit the orc warrior.
The orc warrior is moderately wounded.
The orc barely misses you. You block the orc warrior's attack.
You puncture the orc warrior! Your bite misses the orc warrior.
The orc warrior is severely wounded.
You block the orc's attack.
You hit the orc warrior.
The orc warrior is severely wounded.
The orc warrior hits you but does no damage.
You closely miss the orc warrior.
The orc warrior is severely wounded.
The orc warrior hits you with a +0 war axe!!
* * * LOW HITPOINT WARNING * * *
You feel better.
The orc warrior hits you with a +0 war axe!
* * * LOW HITPOINT WARNING * * *
The orc warrior barely misses you.
As you read the scroll of teleportation, it crumbles to dust.
You feel strangely unstable. You block the orc warrior's attack.
The orc warrior hits you with a +0 war axe!
You die...

.### ###.### ...###
###.....###
.....###.........##
.....)#...........#
.....)))..........#
⌠.....#.....⌠.....#
......#...........#
......#...........#
.....###.......o@##
...### ###.....#o#
.### ###.###oo ##∆
### .g.. ∆ #∆∆
..... ∆∆ #∆∆
....... ∆ #∆∆
....⌠... #∆∆
8.........∆ #∆∆


You could see 2 orc warriors, 2 orcs and a hobgoblin.

Vanquished Creatures
  A wyvern (D:5)
  A steam dragon (D:7)
  2 water moccasins
  2 orc warriors (Bailey)
  An ice beast (D:5)
  2 sky beasts
  A black bear (D:5)
  2 necrophages
  2 ogres
  4 phantoms
  2 centaurs
  A kobold brigand (D:6)
  A bullfrog (D:6)
  2 gnoll sergeants (D:7)
  4 scorpions
  2 howler monkeys
  A centaur zombie (D:7)
  A centaur skeleton (D:6)
  3 bullfrog zombies
  A hound (D:6)
  2 jellies
  2 orc priests (D:4)
  A bullfrog skeleton (D:6)
  An iguana (D:4)
  7 orc wizards
  A statue (D:6)
  8 mummies (Ossuary)
  A howler monkey zombie (D:5)
  19 gnolls
  5 adders
  A worm (D:2)
  2 adder skeletons (D:5)
  10 orcs
  8 endoplasms
  7 giant cockroaches
  2 gnoll zombies (Ossuary)
  8 hobgoblins
  9 jackals
  4 quokkas
  9 ball pythons
  11 bats
  2 frilled lizards
  21 goblins
  A goblin zombie (D:7)
  A hobgoblin zombie (Ossuary)
  11 kobolds
  3 kobold zombies (Ossuary)
  2 orc zombies (Ossuary)
  6 rats
  A rat zombie (D:7)
202 creatures vanquished.

Vanquished Creatures (others)
  An orc wizard (D:7)
1 creature vanquished.

Grand Total: 203 creatures vanquished

Notes
Turn   | Place    | Note
-------+----------+-------------------------------------------
     0 | D:1      | BOMJPIETVODKU the Gnoll Earth Elementalist began the quest
                  | for the Orb.
     0 | D:1      | Reached XP level 1. HP: 13/13 MP: 6/6
   378 | D:1      | Found a faded altar of an unknown god.
   385 | D:1      | Reached XP level 2. HP: 10/19 MP: 4/7
  1046 | D:1      | Reached XP level 3. HP: 25/25 MP: 9/9
  1194 | D:2      | Reached skill level 5 in Spellcasting
  1221 | D:2      | Reached skill level 1 in Invocations
  2108 | D:2      | Reached skill level 1 in Fighting
  2108 | D:2      | Reached skill level 1 in Short Blades
  2108 | D:2      | Reached skill level 1 in Long Blades
  2108 | D:2      | Reached skill level 1 in Axes
  2108 | D:2      | Reached skill level 1 in Maces & Flails
  2108 | D:2      | Reached skill level 1 in Polearms
  2108 | D:2      | Reached skill level 1 in Staves
  2108 | D:2      | Reached skill level 1 in Slings
  2108 | D:2      | Reached skill level 1 in Bows
  2108 | D:2      | Reached skill level 1 in Crossbows
  2108 | D:2      | Reached skill level 1 in Throwing
  2108 | D:2      | Reached skill level 1 in Armour
  2108 | D:2      | Reached skill level 1 in Shields
  2108 | D:2      | Reached skill level 1 in Unarmed Combat
  2108 | D:2      | Reached skill level 1 in Evocations
  2240 | D:2      | Reached XP level 4. HP: 32/32 MP: 2/11
  2663 | D:3      | Noticed a scorpion
  2759 | D:3      | Killed a scorpion
  2760 | D:3      | Reached skill level 1 in Conjurations
  2760 | D:3      | Reached skill level 1 in Hexes
  2760 | D:3      | Reached skill level 1 in Summonings
  2760 | D:3      | Reached skill level 1 in Necromancy
  2760 | D:3      | Reached skill level 1 in Translocations
  2760 | D:3      | Reached skill level 1 in Fire Magic
  2760 | D:3      | Reached skill level 1 in Ice Magic
  2760 | D:3      | Reached skill level 1 in Air Magic
  2760 | D:3      | Reached skill level 1 in Poison Magic
  2760 | D:3      | Reached XP level 5. HP: 37/37 MP: 8/12
  2930 | D:3      | Learned a level 3 spell: Stone Arrow
  3103 | D:3      | Found a sacrificial altar of Ru.
  3104 | D:3      | Found an ornate altar of the Wu Jian Council.
  3349 | D:3      | Identified a scroll of acquirement
  3349 | D:3      | Acquired the +0 buckler of Otiunk {rElec rPois rF+}
  3847 | D:4      | Reached XP level 6. HP: 43/44 MP: 3/13
  4099 | D:4      | Reached skill level 5 in Dodging
  4343 | D:4      | Noticed a necrophage
  4347 | D:4      | Killed a necrophage
  4454 | D:4      | Reached XP level 7. HP: 50/50 MP: 8/15
  4956 | D:5      | Entered Level 5 of the Dungeon
  5045 | D:5      | Reached skill level 5 in Stealth
  5252 | D:5      | Reached XP level 8. HP: 51/57 MP: 6/16
  5336 | D:5      | Learned a level 2 spell: Poisonous Vapours
  5429 | D:5      | Acquired the Reference Book on the Shifting Birds
  5894 | D:5      | Noticed a wyvern
  5903 | D:5      | Killed a wyvern
  5904 | D:5      | Reached skill level 6 in Spellcasting
  6778 | D:5      | Reached XP level 9. HP: 40/65 MP: 1/18
  7364 | D:6      | Found a radiant altar of Vehumet.
  7716 | D:7      | Found a sand-covered staircase.
  7724 | Ossuary  | Entered an ossuary
  8225 | D:7      | Found a staircase to the Ecumenical Temple.
  8233 | Temple   | Entered the Ecumenical Temple
  8328 | Temple   | Became a worshipper of Cheibriados the Contemplative
  8602 | D:7      | Found a glowing silver altar of Zin.
  8602 | D:7      | Found a hide-covered altar of Uskayaw.
  8845 | D:7      | Reached skill level 5 in Invocations
  8860 | D:7      | Reached * piety under Cheibriados
  9472 | D:8      | Found a flagged portal.
  9484 | Bailey   | Entered a bailey
  9555 | Bailey   | Reached skill level 7 in Spellcasting
  9592 | Bailey   | Reached ** piety under Cheibriados
  9747 | Bailey   | Reached XP level 10. HP: 50/73 MP: 12/20
  9767 | Bailey   | Mangled by an orc warrior

Illustrated notes

Levels and vault maps discovered:
D:1:      ncdulo_lavacross, layout_basic, hellmonk_ecumenical_altar_run_dry
D:2:      layout_basic
D:3:      layout_loops_ring, gammafunk_temple_overflow_pools,
          minmay_diced_spiral
D:4:      layout_loops_ring, grunt_decor_one_mirror
D:5:      minmay_angry_zag, layout_basic, minmay_fractal_squares_5
D:6:      layout_rooms, vehumet_statue
D:7:      minmay_flawed_box, layout_rooms, mainiacjoe_overflow_divided_tiny,
          minmay_temple_entry_tees, enter_ossuary_4
D:8:      layout_basic, enter_bailey_3
Temple:   compressed_dpeg_circular_temple
Bailey:   bailey_axe_minmay_hex_keep, bailey

Skill      XL: |  1  2  3  4  5  6  7  8  9 |
---------------+----------------------------+-----
Transmutations | 2 3 4 |  4.6
Spellcasting   | 5 6 7 |  7.1
Invocations    | 1 2 3 4 5 |  5.3
Fighting       | 1 2 3 4 |  4.9
Short Blades   | 1 2 3 4 |  4.9
Long Blades    | 1 2 3 4 |  4.9
Axes           | 1 2 3 4 |  4.9
Maces & Flails | 1 2 3 4 |  4.9
Polearms       | 1 2 3 4 |  4.9
Staves         | 1 2 3 4 |  4.9
Slings         | 1 2 3 4 |  4.9
Bows           | 1 2 3 4 |  4.9
Crossbows      | 1 2 3 4 |  4.9
Throwing       | 1 2 3 4 |  4.9
Armour         | 1 2 3 4 |  4.9
Shields        | 1 2 3 4 |  4.9
Unarmed Combat | 1 2 3 4 |  4.9
Evocations     | 1 2 3 4 |  4.9
Conjurations   | 1 2 3 4 |  4.0
Hexes          | 1 2 3 4 |  4.0
Summonings     | 1 2 3 4 |  4.0
Necromancy     | 1 2 3 4 |  4.0
Translocations | 1 2 3 4 |  4.0
Fire Magic     | 1 2 3 4 |  4.0
Ice Magic      | 1 2 3 4 |  4.0
Air Magic      | 1 2 3 4 |  4.0
Poison Magic   | 1 2 3 4 |  4.0
Dodging        | 5 6 |  6.7
Stealth        | 5 6 |  6.5
Earth Magic    | 6 |  6.9

Action                   |  1- 3 |  4- 6 |  7- 9 | 10-12 || total
-------------------------+-------+-------+-------+-------++-------
Melee: Whip              |   116 |    22 |       |       ||   138
       Bite              |    10 |     2 |    19 |     1 ||    32
       Short sword       |       |    14 |   159 |     6 ||   179
       Punch             |       |     1 |       |       ||     1
 Cast: Sandblast         |    31 |    50 |   152 |    11 ||   244
       Stone Arrow       |       |     8 |    50 |       ||    58
       Poisonous Vapours |       |       |     2 |       ||     2
  Use: Scroll            |       |     2 |    15 |     1 ||    18
       Potion            |       |       |     5 |     2 ||     7
 Stab: Sleeping          |     7 |     2 |     2 |       ||    11
Armor: Robe              |    19 |    12 |   101 |     1 ||   133
Dodge: Dodged            |   110 |    38 |   183 |     6 ||   337
Block: Buckler           |       |     5 |    46 |     7 ||    58
